 Dungeon Crawl Stone Soup version 0.32-a0-290-g598725c5f2 (webtiles) character file.

Game seed: 12645762559595083159

95 Kenran the Chopper (level 4, 0/38 HPs)
             Began as a Mountain Dwarf Fighter on Feb 13, 2024.
             Slain by Terence
             ... wielding a +2 hand axe of electrocution
              (18 damage)
             ... on level 3 of the Dungeon.
             The game lasted 00:03:03 (1344 turns).

Kenran the Chopper (Mountain Dwarf Fighter)         Turns: 1344, Time: 00:03:04

Health: 0/38       AC:  6    Str: 21    XL:     4   Next: 39%
Magic:  4/4        EV:  9    Int:  8    God:
Gold:   87         SH:  0    Dex:  9    Spells: 3/3 levels left

rFire   . . .        a - +0 war axe
rCold   . . .        c - +0 buckler
rNeg    . . .        b - +0 scale mail
rPois   +            (no helmet)
rElec   .            (no cloak)
rCorr   .            (no gloves)
SInv    .            (no boots)
Will    .....        (no amulet) Stlth
                     i - ring of poison resistance
HPRegen 0.26/turn    (no ring)
MPRegen 0.09/turn

%: no passive effects
@: confused, ambrosia-drunk
A: runic magic, artefact enchanting
a: no special abilities


You were on level 3 of the Dungeon.
You visited 1 branch of the dungeon, and saw 3 of its levels.

You collected 87 gold pieces.

Inventory:

Hand Weapons
 a - a +0 war axe (weapon)
Armour
 b - a +0 scale mail (worn)
 c - a +0 buckler (worn)
Jewellery
 i - a ring of poison resistance (left hand)
Scrolls
 f - a scroll of fog
 k - a scroll of poison
 m - a scroll of teleportation {unknown}
 n - a scroll of enchant weapon {unknown}
 o - a scroll of acquirement {unknown}
Potions
 d - a potion of might
 e - a potion of curing {unknown}
 h - 3 potions of attraction {!q}
 l - a potion of berserk rage {unknown}


   Skills:
 - Level 3.2 Fighting
 + Level 5.7 Axes
 - Level 3.2 Armour
 - Level 3.2 Shields


You had 3 spell levels left.
You didn't know any spells.
Your spell library contained the following spells:

 Spells                   Type           Power      Damage    Failure   Level
 Blink                    Tloc           0%         N/A       71%         2
 Lesser Beckoning         Tloc           0%         N/A       71%         2
 Momentum Strike          Conj/Tloc      0%         3d8       71%         2


Dungeon Overview and Level Annotations

Branches:
Dungeon (3/15)

Altars:

Shops:
D:1 (

Annotations:
D:1 2 transporters
D:3 Terence


Innate Abilities, Weirdness & Mutations

Your spellcasting is much less encumbered by armour.
You can use scrolls of enchantment on lesser artefacts.


Message History

The endoplasm quivers.
Terence shouts!
Found 4 poisoned darts and a white potion.
There is a stone staircase leading up here.
Terence hits you with a +2 hand axe of electrocution.
You are electrocuted!
The endoplasm freezes you.
You are frozen.
You are too injured to fight recklessly!
You barely miss Terence. You hit the endoplasm.
Terence hits you with a +2 hand axe of electrocution.
You are electrocuted!
* * * LOW HITPOINT WARNING * * *
The endoplasm barely misses you.
Okay, then.
Okay, then.
Okay, then.
You are confused.
You feel invigorated.
Terence hits you with a +2 hand axe of electrocution.
* * * LOW HITPOINT WARNING * * *
The endoplasm freezes you.
You are frozen.
* * * LOW HITPOINT WARNING * * *
Terence barely misses you. The endoplasm freezes you.
You are frozen.
* * * LOW HITPOINT WARNING * * *
You completely miss Terence. You barely miss the endoplasm.
Terence completely misses you. The endoplasm barely misses you.
You bump into the rock wall.
The goblin barely misses you.
Terence hits you with a +2 hand axe of electrocution.
The endoplasm hits you but does no damage.
You closely miss Terence. You slash the endoplasm!
You kill the endoplasm!
You closely miss the goblin. The goblin closely misses you.
A rat comes into view.
Terence hits you but does no damage.
You are electrocuted!!
You die...
Terence says, "Time to find some more victims."

. . #!..##
.#.#..r.##
..#.....##
##..ß.ß..##
.##.........#
....ß(....ß.#
#....<....#
##...g...##
##.@@..##
#######


You could see Terence, a goblin and a rat (wandering).

Vanquished Creatures
  An adder (D:2)
  3 dart slugs
  3 orcs (D:2)
  2 bats
  5 endoplasms
  A giant cockroach (D:2)
  7 hobgoblins
  2 quokkas
  2 ball pythons (D:1)
  2 frilled lizards (D:1)
  6 goblins
  6 kobolds
  4 rats
44 creatures vanquished.

Notes
Turn   | Place    | Note
-------+----------+-------------------------------------------
     0 | D:1      | Kenran the Mountain Dwarf Fighter began the quest for the
                  | Orb.
     0 | D:1      | Reached XP level 1. HP: 19/19 MP: 1/1
    57 | D:1      | Reached skill level 3 in Axes
    97 | D:1      | Found a transporter.
    99 | D:1      | Found Oniclyu's Antique Weapon Boutique.
   153 | D:1      | Reached XP level 2. HP: 23/26 MP: 2/2
   267 | D:1      | Reached skill level 4 in Axes
   275 | D:1      | Found a transporter.
   354 | D:1      | Reached XP level 3. HP: 26/31 MP: 3/3
   809 | D:2      | Reached skill level 5 in Axes
   835 | D:2      | Reached XP level 4. HP: 26/38 MP: 4/4
  1030 | D:2      | Found a faded altar of an unknown god.
  1337 | D:3      | Noticed Terence
  1344 | D:3      | Slain by Terence

Illustrated notes

Levels and vault maps discovered:
D:1:      wander_arrival_peaceful_grave, layout_loops_ring, serial_shops,
          nicolae_shop_drivethru, palyth_stone_intersect, nicolae_titane
D:2:      layout_basic, shapermc_ecumenical_altar_venn, guppyfry_early_orc_mine
D:3:      layout_loops_ring, nemelex_dance_club_becter,
          mainiacjoe_overflow_paths, grunt_ministairs_9, uniq_grinder,
          uniq_terence

Skill      XL: |  1  2  3 |
---------------+----------+-----
Axes           | 3 4 5 |  5.7
Fighting       | |  3.2
Armour         | |  3.2
Shields        | |  3.2

Action                     |  1- 3 |  4- 6 || total
---------------------------+-------+-------++-------
  Melee: War axe           |    82 |    30 ||   112
    Use: Scroll            |     3 |     1 ||     4
         Potion            |       |     1 ||     1
 Armour: Scale mail        |    49 |    25 ||    74
  Dodge: Dodged            |    39 |    14 ||    53
  Block: Buckler           |    11 |     3 ||    14

Table legend: (Time is in decaauts)
 A = Elapsed time spent in this place.
 B = Non-inter-level travel time spent in this place.
 C = Inter-level travel time spent in this place.
 D = Time resting spent in this place.
 E = Time spent auto-exploring this place.
 F = Levels seen in this place.
 G = Mean time per level.
                   A        B        C        D        E       F      G
               +--------+--------+--------+--------+--------+-----+--------+
         Total |   1376 |   1353 |     23 |     64 |    932 |   3 |  458.7 |
       Dungeon |   1376 |   1353 |     23 |     64 |    932 |   3 |  458.7 |
               +--------+--------+--------+--------+--------+-----+--------+

Top non-repeatable levels by time:
     D:1: 735 daAuts
     D:2: 633 daAuts
     D:3: 7 daAuts
